 Dungeon Crawl Stone Soup version 0.31.0-12-g77e489cdc1 (webtiles) character file.

Game seed: 6579698782210808768

1415 lordive the Carver (level 8, -5/67 (71) HPs)
             Began as a Minotaur Monk on Feb 28, 2024.
             Slain by a wight
             ... wielding a +9 falchion
              (15 damage)
             ... on level 6 of the Dungeon.
             The game lasted 00:09:23 (5028 turns).

lordive the Carver (Minotaur Monk)                  Turns: 5028, Time: 00:09:23

HP:   -5/67 (71)    AC:  5    Str: 15    XL:     8   Next: 43%
MP:   7/7           EV: 14    Int:  9    God:
Gold: 180           SH:  0    Dex: 14    Spells: 7/7 levels left

rFire   + . .        s - +0 long sword
rCold   . . .        (no shield)
rNeg    . . .        o - +2 leather armour {rF+}
rPois   .            (helmet restricted)
rElec   .            (no cloak)
rCorr   .            (no gloves)
SInv    .            (no boots)
Will    .....        (no amulet)
Stlth   +            r - ring of flight
HPRegen 0.31/turn    (no ring)
MPRegen 0.10/turn

%: no passive effects
@: flying, drained
A: horns 2, retaliatory headbutt
a: no special abilities


You were on level 6 of the Dungeon.
You visited 1 branch of the dungeon, and saw 6 of its levels.

You collected 180 gold pieces.

Inventory:

Hand Weapons
 j - a +2 dagger of venom
 s - a +0 long sword (weapon)
 t - a +2 dagger of flaming
Armour
 d - an orb of light
 k - a +0 ring mail
 n - a +0 scale mail
 o - a +2 leather armour of fire resistance (worn)
Jewellery
 r - a ring of flight (left hand)
Scrolls
 a - a scroll of summoning {unknown}
 b - 2 scrolls of enchant armour {unknown}
 e - 2 scrolls of amnesia {unknown}
 g - 2 scrolls of brand weapon {unknown}
 h - 5 scrolls of teleportation {unknown}
 i - 6 scrolls of identify {unknown}
 l - a scroll of immolation {unknown}
Potions
 c - a potion of ambrosia
 f - 5 potions of curing {unknown}
 m - a potion of degeneration {unknown}
 p - a potion of lignification {unknown}
 q - a potion of attraction {unknown}


   Skills:
 + Level 6.9 Fighting
 + Level 8.5 Long Blades
 * Level 5.0 Armour
 + Level 6.0 Dodging
 - Level 1.1 Stealth


You had 7 spell levels left.
You didn't know any spells.
Your spell library contained the following spells:

 Spells                   Type           Power      Damage    Failure   Level
 Shock                    Conj/Air       0%         1d3       43%         1
 Sting                    Conj/Alch      0%         1d3       43%         1
 Call Imp                 Summ           0%         N/A       58%         2
 Mercury Vapours          Alch/Air       0%         N/A       58%         2
 Sublimation of Blood     Necr           0%         N/A       58%         2
 Summon Ice Beast         Ice/Summ       0%         N/A       82%         3
 Swiftness                Air            0%         N/A       82%         3
 Airstrike                Air            0%         2d(0-16)  99%         4
 Olgreb's Toxic Radiance  Alch           0%         N/A       99%         4
 Summon Mana Viper        Hex/Summ       0%         N/A       100%        5
 Monstrous Menagerie      Summ           0%         N/A       100%        7
 Summon Hydra             Summ           0%         N/A       100%        7


Dungeon Overview and Level Annotations

Branches:
Dungeon (6/15)
 Temple: D:4-7

Altars:
Fedhas
Gozag
Kikubaaqudgha
Qazlal
Wu Jian

Portals:
Abyss: D:3

Annotations:
D:3 2 transporters, OlivierBoivin's ghost, amateur AtAr


Innate Abilities, Weirdness & Mutations

You have a pair of horns on your head.
You reflexively headbutt those who attack you in melee.


Message History

The wight hits you with a +9 falchion.
You hit the wight but do no damage. You headbutt the wight.
Your punch misses the wight.
The wight is heavily damaged.
The wight hits you with a +9 falchion.
You closely miss the wight.
The wight is heavily damaged.
The wight hits you with a +9 falchion.
You hit the wight.
The wight is severely damaged.
The wight hits you with a +9 falchion!
You closely miss the wight.
The wight is severely damaged.
The wight misses you.
You hit the wight but do no damage.
The wight is heavily damaged.
The wight hits you with a +9 falchion!!
You barely miss the wight.
The wight is heavily damaged.
The wight hits you with a +9 falchion!
* * * LOW HITPOINT WARNING * * *
You feel drained.
* * * LOW HITPOINT WARNING * * *
The wight attacks as it pursues you! The wight hits you but does no damage.
The wight attacks as it pursues you! The wight hits you with a +9 falchion.
* * * LOW HITPOINT WARNING * * *
You feel drained. The wight attacks as it pursues you!
The wight closely misses you. The wight attacks as it pursues you!
The wight hits you with a +9 falchion.
* * * LOW HITPOINT WARNING * * *
You feel drained.
* * * LOW HITPOINT WARNING * * *
The wight attacks as it pursues you! The wight hits you with a +9 falchion.
* * * LOW HITPOINT WARNING * * *
The wight attacks as it pursues you! The wight barely misses you.
You furiously retaliate!
You headbutt the wight. The wight attacks as it pursues you!
The wight hits you with a +9 falchion!
* * * LOW HITPOINT WARNING * * *
The wight attacks as it pursues you! The wight hits you with a +9 falchion!
You die...

##'## #.....# #.###. #.#
##.#### #.z... #.# #z# #####z
##.## #.# #. ##...## #z# #.
#####.....# #.# ## #........##
#.# #.#####..#########.#
>...............@z.#
#.#####..########### #.# #..#
#.#####..# #........####
###.........#
#.#######.#####################
#.# #...................... #.#
#.#..#..#..#..#..#..#..


You could see a wight.

Vanquished Creatures
  A water moccasin (D:5)
  A black bear (D:4)
  A centaur (D:6)
  2 phantoms
  A bullfrog (D:6)
  A scorpion (D:4)
  A wight (D:6)
  A howler monkey (D:5)
  A bombardier beetle (D:5)
  2 orc priests
  A jelly (D:5)
  3 gnoll boudas (D:5)
  An iguana (D:5)
  6 orc wizards
  23 gnolls
  5 adders
  2 white imps
  6 dart slugs
  4 ribbon worms (D:2)
  14 orcs
  2 bat zombies (D:4)
  7 endoplasms
  2 giant cockroaches
  4 goblins
  5 hobgoblins
  5 jackals (D:2)
  4 kobolds
  2 quokkas
  9 ball pythons
  2 bats (D:2)
  A frilled lizard zombie (D:4)
  2 rats
122 creatures vanquished.

Vanquished Creatures (others)
  An orc wizard (D:6)
1 creature vanquished.

Grand Total: 123 creatures vanquished

Notes
Turn   | Place    | Note
-------+----------+-------------------------------------------
     0 | D:1      | lordive the Minotaur Monk began the quest for the Orb.
     0 | D:1      | Reached XP level 1. HP: 19/19 MP: 0/0
   121 | D:1      | Reached XP level 2. HP: 27/27 MP: 1/1
   229 | D:2      | Reached skill level 4 in Long Blades
   440 | D:2      | Found an ornate altar of the Wu Jian Council.
   529 | D:2      | Reached XP level 3. HP: 31/33 MP: 2/2
   941 | D:2      | Reached XP level 4. HP: 34/41 MP: 3/3
  1429 | D:3      | Noticed a small abomination
  1438 | D:3      | Found a one-way gate to the infinite horrors of the Abyss.
  1438 | D:3      | Noticed OlivierBoivin's ghost (amateur AtAr)
  1473 | D:3      | Found a faded altar of an unknown god.
  1544 | D:3      | Found a transporter.
  1555 | D:3      | Found a transporter.
  1595 | D:4      | Noticed a scorpion
  1606 | D:4      | Killed a scorpion
  1607 | D:4      | Reached skill level 5 in Long Blades
  1607 | D:4      | Reached XP level 5. HP: 20/47 MP: 4/4
  1761 | D:4      | HP: 2/47 [orc/+0 hand axe (2)]
  2032 | D:4      | Reached skill level 1 in Armour
  2036 | D:4      | Reached skill level 5 in Fighting
  2193 | D:4      | Reached XP level 6. HP: 14/56 MP: 5/5
  2565 | D:4      | Reached skill level 6 in Long Blades
  2722 | D:4      | Found an ancient bone altar of Kikubaaqudgha.
  2758 | D:4      | Found an opulent altar of Gozag.
  2926 | D:5      | Entered Level 5 of the Dungeon
  2966 | D:5      | Reached XP level 7. HP: 61/61 MP: 6/6
  3004 | D:5      | Found a stormy altar of Qazlal.
  3098 | D:5      | Reached skill level 7 in Long Blades
  3337 | D:5      | Reached skill level 1 in Stealth
  3399 | D:5      | Reached skill level 5 in Dodging
  3976 | D:5      | Reached XP level 8. HP: 26/70 MP: 7/7
  4175 | D:6      | Reached skill level 8 in Long Blades
  4558 | D:6      | Found a blossoming altar of Fedhas.
  4982 | D:6      | Reached skill level 5 in Armour
  5028 | D:6      | Slain by a wight

Illustrated notes

Levels and vault maps discovered:
D:1:      dpeg_arrival_lava_temple_mockup, layout_rooms, minivault_19
D:2:      minmay_chambers_of_ones, layout_loops_ring, basic_altar,
          kennysheep_generic_room_13
D:3:      layout_loops_cross, nicolae_dithmenos_through_a_glass_darkly,
          gammafunk_ghost_abyssal_escape, chequers_ecumenical_altar_simple
D:4:      layout_rooms, lemuel_zombie_altar_kikubaaqudgha, kennysheep_mini
D:5:      layout_loops_ring, mainiacjoe_overflow_alcove_4,
          minmay_misc_feat_ornament
D:6:      layout_loops_corners, old_standard_altar, mainiacjoe_overflow_paths,
          minmay_misc_feat_square, columned_hall_lemuel,
          minmay_a_box_with_orc_wizards_in_it

Skill      XL: |  1  2  3  4  5  6  7  8 |
---------------+-------------------------+-----
Long Blades    | 4 5 6 7 8 |  8.5
Fighting       | 4 5 6 |  6.9
Dodging        | 4 5 6 |  6.0
Armour         | 1 3 4 5 |  5.0
Stealth        | 1 |  1.1

Action                     |  1- 3 |  4- 6 |  7- 9 || total
---------------------------+-------+-------+-------++-------
  Melee: Falchion          |    73 |   153 |    64 ||   290
         Headbutt          |     8 |    26 |    29 ||    63
         Punch             |       |     1 |     1 ||     2
         Long sword        |       |       |    66 ||    66
   Stab: Sleeping          |     2 |       |       ||     2
 Armour: Robe              |    49 |       |       ||    49
         Ring mail         |     5 |    42 |       ||    47
         Scale mail        |       |    26 |       ||    26
         Leather armour    |       |    44 |   119 ||   163
  Dodge: Dodged            |    49 |   125 |   105 ||   279
